 Dungeon Crawl Stone Soup version 0.22-a0-480-g991dd4b2b4 (webtiles) character file.

160 Oravi the Conjurer (level 5, 0/57 HPs)
             Began as a Draconian Conjurer on June 15, 2018.
             Slain by Sigmund
             ... wielding a +8 scythe
              (7 damage)
             ... on level 4 of the Dungeon.
             The game lasted 00:10:58 (3904 turns).

Oravi the Conjurer (Draconian Conjurer)             Turns: 3904, Time: 00:10:58

Health: 0/57       AC:  5    Str: 15    XL:     5   Next: 17%
Magic:  4/10       EV: 12    Int: 16    God:
Gold:   169        SH:  0    Dex: 12    Spells: 5/11 levels left

rFire    . . .     SeeInvis .   (no weapon)
rCold    . . .     Gourm    .   (no shield)
rNeg     . . .     Faith    .   (armour unavailable)
rPois    .         Spirit   .   (helmet restricted)
rElec    .         Reflect  .   (no cloak)
rCorr    .         Harm     .   (no gloves)
MR       .....                  (no boots)
Stlth    ..........             (no amulet)
HPRegen  0.19/turn              (no ring)
MPRegen  0.12/turn              (no ring)

@: berserking, very quick
A: unfitting armour, cold-blooded, AC +5
a: no special abilities


You were on level 4 of the Dungeon.
You were not hungry.

You visited 1 branch of the dungeon, and saw 4 of its levels.

You collected 169 gold pieces.

Inventory:

Missiles
 e - 57 stones (quivered)
 n - 3 tomahawks
 p - a throwing net
Jewellery
 o - an uncursed amulet of guardian spirit {unknown}
 q - a +6 ring of intelligence {unknown}
Scrolls
 a - a scroll of blinking {unknown}
 c - a scroll of magic mapping
 f - 2 scrolls of amnesia {unknown}
 g - a scroll of fear {unknown}
 k - a scroll of random uselessness {unknown}
 l - 2 scrolls of identify
 r - a scroll of teleportation {unknown}
Potions
 d - a potion of cancellation
 i - a potion of curing {unknown}
 j - a potion of brilliance {unknown}
 m - a potion of degeneration {unknown}
 t - a potion of invisibility {unknown}
Comestibles
 b - 6 rations
 s - a chunk of flesh


   Skills:
 - Level 1.7 Dodging
 - Level 1.7 Stealth
 + Level 3.8 Spellcasting
 + Level 5.4 Conjurations


You had 5 spell levels left.
You knew the following spells:

 Your Spells              Type           Power        Failure   Level  Hunger
a - Magic Dart            Conj           ###.         1%          1    None
b - Searing Ray           Conj           ###...       2%          2    ##.....
c - Dazzling Spray        Conj/Hex       ##....       17%         3    ###....

Your spell library contained the following spells:

 Spells                   Type           Power        Failure   Level  Hunger
 Iskenderun's Mystic Bla  Conj           ###.....     19%         4    ####...
 Fulminant Prism          Conj/Hex       ##........   50%         4    ####...
 Force Lance              Conj/Tloc      ##......     50%         4    ####...


Dungeon Overview and Level Annotations

Branches:
Dungeon (4/15)
 Temple: D:4-7

Altars:
Ashenzari
Elyvilon
Trog
Uskayaw
Wu Jian
Zin
The Shining One

Shops:
D:3 *

Annotations:
D:3 neozumm's ghost, amateur MiBe
D:4 Sigmund


Innate Abilities, Weirdness & Mutations

Your plain brown scales are hard. (AC +5)
You cannot fit into any form of body armour.
You are cold-blooded and may be slowed by cold attacks.


Message History

Something hits you.
Casting: Searing Ray (safe; 2% risk of failure)
Confirm with . or Enter, or press ? or * to list all spells.
You can't see any susceptible monsters within range! (Use Z to cast anyway.) Unknown command.
Casting: Searing Ray (safe; 2% risk of failure)
Confirm with . or Enter, or press ? or * to list all spells.
Aiming: Searing Ray (safe; 2% risk of failure)
Press: ? - help, Shift-Dir - straight line The searing ray hits something. (Press . to maintain the ray.)
Something hits you!
* * * LOW HITPOINT WARNING * * *
Okay, then.
It was a potion of berserk rage.
A red film seems to cover your vision as you go berserk!
You feel yourself moving faster!
You feel mighty!
You feel a strong urge to attack something.
Something hits you!
You die...

#### ....(
####################......
................@..'......
####################.......
#...##...#########.......
#...##...........#.......
###...##...........#......
.[....''........>........#
###...##.................##
######.(.#####.##.......#
##### #.##.......##


There were no monsters in sight!

Vanquished Creatures
  Jessica (D:3)
  Terence (D:3)
  2 adders (D:2)
  An ooze (D:1)
  A worm (D:2)
  4 dart slugs
  A leopard gecko (D:2)
  7 orcs
  4 giant cockroaches
  6 hobgoblins
  3 jackals (D:2)
  14 kobolds
  5 quokkas
  6 bats
  8 frilled lizards
  3 goblins
  5 rats
72 creatures vanquished.

Notes
Turn   | Place    | Note
-------+----------+-------------------------------------------
     0 | D:1      | Oravi the Draconian Conjurer began the quest for the Orb.
     0 | D:1      | Reached XP level 1. HP: 14/14 MP: 3/3
    87 | D:1      | Reached XP level 2. HP: 6/20 MP: 0/5
    91 | D:1      | Learned a level 2 spell: Searing Ray
   927 | D:1      | Found a shattered altar of Ashenzari.
   967 | D:2      | Reached XP level 3. HP: 26/26 MP: 4/7
   972 | D:2      | Learned a level 3 spell: Dazzling Spray
  1030 | D:2      | Found an ornate altar of the Wu Jian Council.
  1178 | D:2      | Found a bloodstained altar of Trog.
  1603 | D:2      | Reached XP level 4. HP: 29/33 MP: 4/8
  1692 | D:2      | Found a hide-covered altar of Uskayaw.
  2177 | D:3      | Reached skill level 5 in Conjurations
  2735 | D:3      | Found a glowing golden altar of the Shining One.
  2779 | D:3      | Found Zin's Purification Station.
  2783 | D:3      | Found a glowing silver altar of Zin.
  2801 | D:3      | Found a white marble altar of Elyvilon.
  2804 | D:3      | Noticed neozumm's ghost (amateur MiBe)
  3043 | D:3      | Noticed Terence
  3064 | D:3      | Killed Terence
  3269 | D:3      | Noticed Jessica
  3273 | D:3      | Killed Jessica
  3273 | D:3      | Reached XP level 5. HP: 38/38 MP: 6/10
  3888 | D:4      | Noticed Sigmund
  3904 | D:4      | Slain by Sigmund

Vault maps used:
D:1:      dpeg_arrival_water_altar
D:2:      old_standard_altar, nicolae_overflow_crystal_walls,
          trog_butcher_becter
D:3:      corexii_shack_village, zin_purify, old_standard_altar,
          roderic_serpentine_path, nicolae_tso_carved_into_rock, uniq_jessica,
          uniq_terence
D:4:      lemuel_doored_altar, first_ration, uniq_sigmund

Skill      XL: |  1  2  3  4 |
---------------+-------------+-----
Spellcasting   | 3 |  3.8
Conjurations   | 5 |  5.4
Dodging        | |  1.7
Stealth        | |  1.7

Action                   |  1- 3 |  4- 6 || total
-------------------------+-------+-------++-------
Melee: Unarmed           |    15 |    11 ||    26
       Tailslap          |     3 |     1 ||     4
Throw: Stone             |     4 |       ||     4
 Cast: Magic Dart        |    58 |    34 ||    92
       Searing Ray       |     6 |    19 ||    25
  Use: Scroll            |     3 |       ||     3
       Potion            |       |     1 ||     1
  Eat: Chunk             |     3 |     8 ||    11
Armor: Skin              |     4 |     6 ||    10
Dodge: Dodged            |    11 |    17 ||    28

Table legend:
 A = Spawn XP
 B = Non-spawn XP
 C = Spawn XP percentage of total XP
 D = Spawn monster count
 E = Non-spawn monster count
 F = Spawn count percentage of total count
 G = Total turns spent on level
                    A         B        C        D         E        F      G
               +---------+---------+-------+---------+---------+-------+---------
         Total |       0 |     229 |   0.0 |       0 |      72 |   0.0 |  3904
               +---------+---------+-------+---------+---------+-------+---------
           D:1 |       0 |      40 |   0.0 |       0 |      22 |   0.0 |   965
           D:2 |       0 |      67 |   0.0 |       0 |      22 |   0.0 |  1039
           D:3 |       0 |     120 |   0.0 |       0 |      27 |   0.0 |  1755
           D:4 |       0 |       2 |   0.0 |       0 |       1 |   0.0 |   145
               +---------+---------+-------+---------+---------+-------+---------
